 Dungeon Crawl Stone Soup version 0.27.1-1-g398f81649c (webtiles) character file.

Game seed: 11351708633308871563

55 MajorAdolf the Grave Robber (level 3, -1/32 HPs)
             Began as a Naga Wanderer on Sept 11, 2021.
             Slain by an orc (2 damage)
             ... on level 3 of the Dungeon.
             The game lasted 00:04:47 (2644 turns).

MajorAdolf the Grave Robber (Naga Wanderer)         Turns: 2644, Time: 00:04:49

Health: -1/32      AC:  3    Str: 11 (14) XL:     3   Next: 93%
Magic:  6/6        EV:  8    Int:  8 (11) God:
Gold:   51         SH:  0    Dex: 11 (12) Spells: 5/6 levels left

rFire    . . .     SeeInvis +   f - +0 dagger (elec)
rCold    . . .     Faith    .   (no shield)
rNeg     . . .     Spirit   .   b - +0 ring mail
rPois    +         Reflect  .   (no helmet)
rElec    .         Harm     .   (no cloak)
rCorr    .         Rampage  .   (no gloves)
Will     .....                  (no barding)
Stlth    ..........             (no amulet)
HPRegen  0.10/turn              (no ring)
MPRegen  0.10/turn              (no ring)

@: confused, ambrosia-drunk, flying, very slow
A: AC +1, large, see invisible, deformed body, poison resistance, slowness 2,
spit poison 1, naga tail 1
a: Spit Poison


You were on level 3 of the Dungeon.
You visited 1 branch of the dungeon, and saw 3 of its levels.

You collected 51 gold pieces.

Inventory:

Hand Weapons
 f - a +0 dagger of electrocution (weapon)
Armour
 b - a +0 ring mail (worn)
Wands
 h - a wand of paralysis (7)
Scrolls
 g - 2 scrolls of identify {unknown}


   Skills:
 + Level 2.2 Fighting
 + Level 0.7 Short Blades
 - Level 1.7 Crossbows
 - Level 1.7 Throwing
 + Level 1.1 Armour
 + Level 0.4 Dodging
 - Level 2.1 Spellcasting
 - Level 1.2 Conjurations
 - Level 2.2 Necromancy


You had 5 spell levels left.
You knew the following spells:

 Your Spells              Type           Power      Damage    Failure   Level
a - Magic Dart            Conj           8%         1d3       45%         1

Your spell library contained the following spells:

 Spells                   Type           Power      Damage    Failure   Level
 Animate Skeleton         Necr           8%         N/A       32%         1
 Pain                     Necr           16%        1d4       32%         1
 Sublimation of Blood     Necr           2%         N/A       45%         2
 Apportation              Tloc           0%         N/A       63%         1
 Corpse Rot               Necr/Air       N/A        N/A       63%         2
 Vampiric Draining        Necr           2%         2d6       69%         3
 Blink                    Tloc           N/A        N/A       77%         2
 Call Imp                 Summ           0%         N/A       77%         2
 Slow                     Hex            0%         N/A       77%         2
 Conjure Flame            Conj/Fire      1%         6-21      89%         3
 Mephitic Cloud           Conj/Pois/Air  1%         N/A       91%         3
 Confusing Touch          Hex            0%         N/A       94%         3
 Alistair's Intoxication  Tmut/Pois      0%         N/A       100%        5
 Yara's Violent Unravell  Hex/Tmut       0%         3d3       100%        5
 Invisibility             Hex            0%         N/A       100%        6


Dungeon Overview and Level Annotations

Branches:
Dungeon (2/15)

Altars:


Innate Abilities, Weirdness & Mutations

Your serpentine skin is tough. (AC +1)
You have supernaturally acute eyesight. (SInv)
Armour fits poorly on your strangely shaped body.
Your system is resistant to poisons. (rPois)
You cover ground very slowly.
You can spit poison.
You have a snake-like lower body.


Message History

The ball python hisses angrily.
The orc throws a boomerang.
The boomerang barely misses you.
An iguana comes into view.
The iguana hisses angrily.
The kobold barely misses you.
You hit the kobold. Lightning courses through the kobold!
You kill the kobold!
Unknown command.
As you read the scroll labelled DALESID GISETHENG, it crumbles to dust.
It is a scroll of enchant weapon.
Really abort (and waste the scroll)?
Okay, then.
The orc hits you with a +0 dagger.
Okay, then.
It was a potion of degeneration.
There was something very wrong with that liquid.
You feel weakened.
You feel dopey.
You feel clumsy. The ball python closely misses you.
The orc hits you with a +0 dagger.
The ball python bites you but does no damage.
The orc hits you from afar with a +0 trident.
* * * LOW HITPOINT WARNING * * *
It was a potion of ambrosia.
You are confused.
You feel invigorated.
The ball python bites you but does no damage.
The orc closely misses you.
The orc hits you from afar with a +0 trident.
Unknown command.
It was a potion of flight.
You feel very buoyant.
You fly up into the air.
The iguana bites you!
* * * LOW HITPOINT WARNING * * *
The ball python bites you.
* * * LOW HITPOINT WARNING * * *
The orc hits you with a +0 dagger.
* * * LOW HITPOINT WARNING * * *
The orc hits you with a +0 short sword.
* * * LOW HITPOINT WARNING * * *
The orc hits you from afar with a +0 trident.
You die...

........#
.........#
#.........##
#..........
#.........#
#.........#
#.......lS#
#.......o@#
#......o##
##....o## ###.
#####)####.....
#..........##
#............#
#..............#
#...............!
#................


You could see an iguana, 3 orcs and a ball python.

Vanquished Creatures
  An adder (D:2)
  A dart slug (D:2)
  An orc (D:3)
  4 endoplasms
  3 giant cockroaches (D:1)
  7 goblins
  3 hobgoblins (D:2)
  4 kobolds
  2 quokkas (D:2)
  6 ball pythons
  2 bats (D:1)
  2 frilled lizards (D:1)
  4 rats
40 creatures vanquished.

Notes
Turn   | Place    | Note
-------+----------+-------------------------------------------
     0 | D:1      | MajorAdolf the Naga Wanderer began the quest for the Orb.
     0 | D:1      | MajorAdolf set off with the following items: a +0 club, a
                  | +0 ring mail; and the following spell memorised: Magic
                  | Dart; and the following spells available to memorise:
                  | Sublimation of Blood, Corpse Rot, Blink, Call Imp, Slow,
                  | Conjure Flame, Mephitic Cloud
     0 | D:1      | Reached XP level 1. HP: 19/19 MP: 2/2
   476 | D:1      | Reached XP level 2. HP: 18/26 MP: 0/3
  1677 | D:2      | Reached skill level 1 in Conjurations
  1772 | D:2      | Reached XP level 3. HP: 18/32 MP: 1/6
  2625 | D:2      | You fall into a shaft and drop 1 floor!
  2644 | D:3      | HP: 1/32 [orc (1)]
  2644 | D:3      | Slain by an orc

Illustrated notes

Levels and vault maps discovered:
D:1:      minmay_arrival_cross, layout_basic, grunt_decor_fettered
D:2:      layout_basic, chequers_serial_rivers_micro_b, minmay_indecisive_spiral
D:3:      layout_rooms, lemuel_tele_altar,
          mainiacjoe_overflow_concentric_impassable

Skill      XL: |  1  2 |
---------------+-------+-----
Conjurations   | 1 |  1.2
Spellcasting   | 2 |  2.1
Fighting       | |  2.2
Short Blades   | |  0.7
Crossbows      | |  1.7
Throwing       | |  1.7
Armour         | |  1.1
Dodging        | |  0.4
Necromancy     | |  2.2

Action                   || total
-------------------------++-------
Melee: Club              ||    20
       Unarmed           ||    95
       Dagger            ||    60
 Cast: Magic Dart        ||    17
 Abil: Spit Poison       ||    13
  Use: Potion            ||     3
       Scroll            ||     1
Armor: Ring mail         ||    98
Dodge: Dodged            ||   115
